 Dungeon Crawl Stone Soup version 0.29-a0-322-g68df515428 (webtiles) character file.

Game seed: 8489942892186081496

3216 kae the Firebug (level 9, 0/51 (52) HPs)
             Began as a Tengu Fire Elementalist on Apr 7, 2022.
             Was a Follower of Sif Muna.
             Slain by a centaur (6 damage)
             ... on level 8 of the Dungeon.
             The game lasted 00:07:45 (9824 turns).

kae the Firebug (Tengu Fire Elementalist)           Turns: 9824, Time: 00:07:46

HP:   0/51 (52)     AC:  6    Str:  9    XL:     9   Next: 97%
MP:   16/16         EV: 17    Int: 19    God:    Sif Muna [*.....]
Gold: 381           SH:  0    Dex: 15    Spells: 10/16 levels left

rFire   + + .      SeeInvis .   b - staff of fire
rCold   + . .      Faith    .   (no shield)
rNeg    . . .      Spirit   .   u - +1 robe
rPois   .          Reflect  .   (helmet restricted)
rElec   .          Harm     .   l - +2 cloak {rCorr}
rCorr   +          Rampage  .   (no gloves)
Will    .....                   (boots unavailable)
Stlth   ++........              (no amulet)
HPRegen 0.17/turn               n - ring of protection from cold
MPRegen 0.15/turn               e - ring of protection from fire

@: lethally poisoned (0 -> -10), flying quickly and evasively, lightly drained,
quick
A: beak, talons 3, nimble flight
a: Renounce Religion, Channel Magic


You were on level 8 of the Dungeon.
You worshipped Sif Muna.
Sif Muna was aware of your devotion.
You visited 2 branches of the dungeon, and saw 9 of its levels.

You collected 381 gold pieces.

Inventory:

Hand Weapons
 a - the +10 trident "Gaphil" {flame, rElec rF+}
   (You found it on level 5 of the Dungeon)

   It burns those it strikes, dealing additional fire damage.
   rF:        It protects you from fire.
   rElec:     It insulates you from electricity.
Armour
 l - a +2 cloak of preservation (worn)
 u - a +1 robe (worn)
 x - a +0 pair of gloves
Magical Staves
 b - a staff of fire (weapon)
Jewellery
 e - a ring of protection from fire (right hand)
 n - a ring of protection from cold (left hand)
 q - an amulet of faith
 t - a ring of positive energy
 w - a ring of fire
Wands
 j - a wand of polymorph (11)
 y - a wand of digging (6)
 A - a wand of mindburst (14)
Scrolls
 f - 2 scrolls of blinking
 o - a scroll of magic mapping
 v - a scroll of fear
 z - a scroll of teleportation
 B - a scroll of identify
Potions
 c - 2 potions of magic
 d - a potion of lignification
 g - 5 potions of curing
 h - a potion of invisibility
 i - 6 potions of mutation
 k - 2 potions of degeneration
 m - a potion of heal wounds {unknown}
 p - a potion of might
 r - 4 potions of cancellation {unknown}
 s - 2 potions of flight {unknown}


   Skills:
 + Level 4.3 Fighting
 + Level 4.6 Staves
 + Level 4.7 Armour
 + Level 5.4 Dodging
 - Level 2.0 Stealth
 + Level 4.4 Spellcasting
 + Level 6.1 Conjurations
 * Level 7.8 Fire Magic
 + Level 4.2 Evocations


You had 10 spell levels left.
You knew the following spells:

 Your Spells              Type           Power      Damage    Failure   Level
a - Foxfire               Conj/Fire      100%       2x1d9     1%          1
b - Scorch                Fire           100%       2d10      1%          2
c - Conjure Flame         Conj/Fire      46%        6-21      2%          3

Your spell library contained the following spells:

 Spells                   Type           Power      Damage    Failure   Level
 Magic Dart               Conj           100%       1d8       1%          1
 Searing Ray              Conj           54%        2d6       1%          2
 Inner Flame              Hex/Fire       28%        N/A       8%          3
 Flame Wave               Conj/Fire      46%        2d10      8%          4
 Animate Skeleton         Necr           8%         N/A       13%         1
 Pain                     Necr           16%        1d4       13%         1
 Vampiric Draining        Necr           4%         2d6       36%         3
 Fulminant Prism          Conj/Hex       7%         3d7       36%         4
 Conjure Ball Lightning   Conj/Air       7%         3x3d6     99%         6
 Discord                  Hex            2%         N/A       100%        8
 Disjunction              Tloc           2%         N/A       100%        8


Dungeon Overview and Level Annotations

Branches:
Dungeon (8/15)             Temple (1/1) D:5
   Lair: D:8-11

Altars:
Ashenzari
Cheibriados
Dithmenos
Elyvilon
Fedhas
Gozag
Hepliaklqana
Kikubaaqudgha
Makhleb
Nemelex Xobeh
Okawaru
Qazlal
Ru
Sif Muna
Trog
Uskayaw
Vehumet
Wu Jian
Xom
Yredelemnul
Zin
The Shining One

Shops:
D:5 (

Annotations:
D:8 exclusion: acid dragon


Innate Abilities, Weirdness & Mutations

You have a beak for a mouth.
You have claws for feet.
Your magical nature lets you fly swiftly and evasively.


Message History

Found 7 gold pieces.
You now have 381 gold pieces (gained 7).
A wight comes into view.
It is wielding a +0 dagger and wearing a +0 robe of fire resistance. 2 wights come into view.
A wight comes into view. It is wielding a +5 mace.
The wight hits you with a +0 dagger.
You feel drained. The wight barely misses you.
You hear the loud creaking of a distant portcullis.
The kobold brigand shouts!
The orc shouts!
The kobold brigand misses you.
Found 12 gold pieces.
The kobold brigand throws a poisoned dart.
The poisoned dart hits you!
You are poisoned.
You feel very sick.
You feel sick.
The orc shouts!
You hit the orc. You burn the orc!
You kill the orc!
Sif Muna accepts your kill.
You feel sick.
You hear a shout!
You feel sick.
The kobold brigand throws a poisoned dart.
The poisoned dart hits you!
You are lethally poisoned!
You see here a +0 club.
Blink to where?
Press: ? - help, Dir - move target
Found a cloak.
As you read the scroll of blinking, it crumbles to dust.
* * * LOW HITPOINT WARNING * * *
You feel very sick.
A centaur comes into view.
The centaur wields a +0 shortbow.
The centaur shoots an arrow.
The arrow barely misses you.
* * * LOW HITPOINT WARNING * * *
You feel very sick.
The centaur unwields a +0 shortbow.
The centaur hits you.
You die...

# ##....!... ### #
#.###.### #. # #.# #.
####.# ##. .....#
..## .....# ##...
.....# ###...#######
####.# #.[...c..$..#
.....# #..@#####.####
######
##.....o..ยง..#######
#####
########.##.Kzo.z..
#...# #. #########
#...# #. #...# #.
#######...# #.
..........########
#.##########
########..)......#
##.#....zz...


You could see an orc warrior and a centaur.

Vanquished Creatures
  A two-headed ogre (D:8)
  Prince Ribbit (D:6)
  A water moccasin (D:8)
  2 ice beasts
  An orc warrior (D:5)
  2 black bears
  2 sky beasts (D:5)
  An ogre (D:5)
  A centaur (D:8)
  2 phantoms
  A kobold brigand (D:6)
  The ghost of qborf the Chopper, an amateur VSFi (D:3)
  A scorpion (D:5)
  4 wights (D:3)
  5 howler monkeys
  4 hounds
  A jelly (D:7)
  4 orc priests
  Jessica (D:2)
  Ijyb (D:3)
  8 orc wizards
  5 iguanas
  4 adders
  2 white imps
  An ufetubus (D:4)
  2 worms (D:3)
  A dart slug (D:1)
  27 orcs
  5 ball pythons
  2 bats (D:3)
  10 endoplasms
  6 giant cockroaches
  9 goblins
  4 hobgoblins
  22 kobolds
  4 quokkas
  A frilled lizard (D:3)
  8 rats
158 creatures vanquished.

Vanquished Creatures (others)
  539 foxfires
539 creatures vanquished.

Grand Total: 697 creatures vanquished

Notes
Turn   | Place    | Note
-------+----------+-------------------------------------------
     0 | D:1      | kae the Tengu Fire Elementalist began the quest for the
                  | Orb.
     0 | D:1      | Reached XP level 1. HP: 10/10 MP: 4/4
   179 | D:1      | Reached XP level 2. HP: 15/15 MP: 3/6
  1252 | D:1      | Reached XP level 3. HP: 20/20 MP: 5/7
  1255 | D:1      | Learned a level 2 spell: Scorch
  1259 | D:1      | Learned a level 3 spell: Conjure Flame
  1959 | D:2      | Found a faded altar of an unknown god.
  2144 | D:2      | Reached skill level 1 in Armour
  2432 | D:2      | Noticed Jessica
  2473 | D:2      | Killed Jessica
  2474 | D:2      | Reached skill level 4 in Fire Magic
  2474 | D:2      | Reached XP level 4. HP: 24/24 MP: 4/8
  2770 | D:3      | Reached skill level 1 in Staves
  2779 | D:3      | Reached skill level 1 in Fighting
  3002 | D:3      | Gained mutation: Your magical nature lets you fly swiftly
                  | and evasively. [Tengu growth]
  3002 | D:3      | Reached XP level 5. HP: 29/29 MP: 7/9
  3090 | D:3      | Reached skill level 1 in Evocations
  3293 | D:3      | Reached XP level 6. HP: 34/34 MP: 5/10
  3435 | D:3      | Noticed qborf's ghost (amateur VSFi)
  3440 | D:3      | Found a runed translucent door.
  3711 | D:3      | Noticed Ijyb
  3727 | D:3      | Killed Ijyb
  4594 | D:3      | Killed qborf's ghost
  4595 | D:3      | Reached skill level 5 in Fire Magic
  4595 | D:3      | Reached XP level 7. HP: 23/39 MP: 7/12
  5341 | D:4      | Found a snail-covered altar of Cheibriados.
  5735 | D:5      | Entered Level 5 of the Dungeon
  5737 | D:5      | Identified the +10 trident "Gaphil" {flame, rElec rF+}
  5871 | D:5      | Reached XP level 8. HP: 43/45 MP: 0/13
  6261 | D:5      | Found Ocyk's Weapon Shop.
  6339 | D:5      | Reached skill level 6 in Fire Magic
  6676 | D:5      | Found a staircase to the Ecumenical Temple.
  6928 | Temple   | Entered the Ecumenical Temple
  7435 | Temple   | Became a worshipper of Sif Muna the Loreminder
  7772 | D:6      | Reached skill level 5 in Conjurations
  7919 | D:6      | Noticed Prince Ribbit
  7931 | D:6      | Killed Prince Ribbit
  7932 | D:6      | Reached XP level 9. HP: 51/51 MP: 7/15
  8675 | D:7      | Reached skill level 7 in Fire Magic
  8756 | D:7      | Reached * piety under Sif Muna
  9219 | D:7      | You are sucked into a shaft and drop 1 floor!
  9243 | D:8      | Reached skill level 5 in Dodging
  9619 | D:8      | Noticed a two-headed ogre
  9628 | D:8      | Killed a two-headed ogre
  9824 | D:8      | Slain by a centaur

Illustrated notes

Levels and vault maps discovered:
D:1:      minmay_arrival_four_circles, layout_basic, serial_glass,
          glass_columns_b, glass_columns_c, glass_columns_a, glass_columns_a,
          minmay_circled_x
D:2:      layout_loops_ring, chequers_ecumenical_altar_island, uniq_jessica
D:3:      minmay_chambers_of_threes, layout_basic,
          hellmonk_ghost_happy_afterlife, uniq_ijyb
D:4:      layout_gridville, lemuel_crystal_altar
D:5:      layout_gridville, temple_hall, serial_shops,
          nicolae_shop_bloodbath_and_beyond
D:6:      layout_loops_cross, uniq_prince_ribbit1
D:7:      layout_basic
D:8:      layout_loops_ring, enter_bailey_7, minmay_strange_pillars,
          minmay_starry_boxes
Temple:   nicolae_temple_the_god_donut

Skill      XL: |  1  2  3  4  5  6  7  8  9 |
---------------+----------------------------+-----
Conjurations   | 2 3 4 5 6 |  6.1
Armour         | 1 2 3 4 |  4.7
Fire Magic     | 4 5 6 7 |  7.8
Staves         | 1 2 3 4 |  4.6
Fighting       | 1 2 3 4 |  4.3
Evocations     | 1 2 3 4 |  4.2
Dodging        | 3 4 5 |  5.4
Spellcasting   | 3 4 |  4.4
Stealth        | |  2.0

Action                   |  1- 3 |  4- 6 |  7- 9 || total
-------------------------+-------+-------+-------++-------
Melee: Unarmed           |     2 |       |       ||     2
       Staff             |     8 |    18 |     6 ||    32
       Kick              |     2 |     6 |     4 ||    12
       Peck              |     1 |     7 |     1 ||     9
       Trident           |       |       |    11 ||    11
 Cast: Foxfire           |    79 |    64 |   169 ||   312
       Scorch            |     3 |    16 |    39 ||    58
       Conjure Flame     |       |     3 |     3 ||     6
  Use: Scroll            |     6 |     5 |     8 ||    19
       Potion            |       |     1 |       ||     1
Armor: Robe              |     3 |    21 |    32 ||    56
Dodge: Dodged            |    13 |    48 |    77 ||   138

Table legend: (Time is in decaauts)
 A = Elapsed time spent in this place.
 B = Non-inter-level travel time spent in this place.
 C = Inter-level travel time spent in this place.
 D = Time resting spent in this place.
 E = Time spent auto-exploring this place.
 F = Levels seen in this place.
 G = Mean time per level.
                   A        B        C        D        E       F      G
               +--------+--------+--------+--------+--------+-----+--------+
         Total |   9510 |   9256 |    254 |    925 |   6746 |   9 | 1056.7 |
       Dungeon |   9028 |   8829 |    199 |    925 |   6339 |   8 | 1128.5 |
        Temple |    482 |    428 |     54 |      0 |    406 |   1 |  482.0 |
               +--------+--------+--------+--------+--------+-----+--------+

Top non-repeatable levels by time:
     D:1: 1769 daAuts
     D:3: 1697 daAuts
     D:5: 1273 daAuts
     D:2: 1262 daAuts
     D:6: 966 daAuts
     D:4: 897 daAuts
     D:7: 800 daAuts
  Temple: 482 daAuts
     D:8: 361 daAuts
